[Event "Kadrioru MK Open B"]
[Site "Tallinn, Paul Keres Chess House, Estonia"]
[Date "2023.02.11"]
[Round "2.1"]
[White "Kais, Kristofer"]
[Black "Vorobyov, Radmir"]
[Result "0-1"]
[TimeControl "60 minutes with 30 second increment from move 1"]
[WhiteElo "1126"]
[BlackElo "1573"]

1. Nf3 Nf6 2. g3 g6 3. Bg2 d5 4. d3 Bg7 5. O-O c5 6. Re1 O-O 7. Nbd2 Nc6 8. e4 dxe4 9. Nxe4 Nxe4 10. dxe4 Bg4 11. Qxd8 Raxd8 12. c3 b5 13. Be3 c4 14. h3 Bxf3 15. Bxf3 b4 16. cxb4 Nxb4 17. Rac1 Nd3 18. Red1 Nxc1 19. Rxc1 Rc8 20. Rc2 a5 21. Bd2 Rb8 22. Rxc4 Rxb2 23. Bxa5 Rxa2 24. Bc3 Bxc3 25. Rxc3 Rb8 26. Bg4 Rbb2 27. Rf3 Rd2 28. h4 h5 29. Bh3 Re2 30. Rf4 e5 31. Rf3 Rxe4 32. Bg2 Ree2 33. Bf1 Re1 34. Kg2 e4 35. Rf6 e3 36. Bc4 Rxf2+ 37. Rxf2 exf2 38. Kxf2 Rc1 39. Bd3 Kg7 40. Ke3 Kf6 41. Kf4 Rc3 42. Be2 Ra3 43. Bb5 Rb3 44. Bc6 Rb4+ 45. Be4 Ke6 46. Ke3 Ke5 47. Bc2 f5 48. Kf3 Rc4 49. Bd3 Rc3 50. Ke3 Rxd3+ 51. Kxd3 f4 52. Ke2 fxg3 53. Kf3 g2 54. Kxg2 Kf4 55. Kh3 Kf3 56. Kh2 Kg4 57. Kg2 Kxh4 58. Kh2 g5 59. Kg2 g4 60. Kh2 g3+ 61. Kg2 Kg4 62. Kg1 Kf3 63. Kh1 g2+ 64. Kg1 h4 65. Kh2 Kf2 66. Kh3 g1=Q 67. Kxh4 Kf3 68. Kh5 Kf4 69. Kh6 Kf5 70. Kh7 Kf6 0-1

[Event "Kadrioru MK Open B"]
[Site "Tallinn, Paul Keres Chess House, Estonia"]
[Date "2023.02.11"]
[Round "3.2"]
[White "Beniosev, Daniel"]
[Black "Gorkov, Kirill"]
[Result "1/2-1/2"]
[TimeControl "60 minutes with 30 second increment from move 1"]
[WhiteElo "1464"]
[BlackElo "1490"]

1. e4 c5 2. Nf3 Nc6 3. c3 e6 4. d4 cxd4 5. cxd4 d5 6. e5 Nge7 7. Bd3 Nb4 8. Be2 Nf5 9. a3 Nc6 10. Be3 Be7 11. Qd2 O-O 12. O-O Bd7 13. Nc3 Rc8 14. Rac1 Na5 15. Bd1 Nc4 16. Qe2 Qb6 17. Bc2 Nfxe3 18. fxe3 g6 19. Rb1 Qc7 20. Bd3 b6 21. Rfc1 Qb8 22. e4 dxe4 23. Nxe4 Na5 24. Rxc8 Rxc8 25. b4 Nb7 26. h4 Bc6 27. h5 Rc7 28. hxg6 hxg6 29. Kf2 Qc8 30. Rh1 Bxe4 31. Qxe4 Qd8 32. Qg4 Qf8 33. Rh3 Qg7 34. Nd2 Nd8 35. Ne4 Rd7 36. Qf4 Rxd4 37. Nf6+ Qxf6 38. Qxf6 Bxf6 39. exf6 Nc6 40. Ke3 Rd6 41. Rh4 Ne5 42. Bc2 Rc6 43. Bb3 Rd6 44. Ba4 g5 45. Re4 Rd5 46. Bb3 Rd3+ 47. Ke2 Rxb3 48. Rxe5 Rxa3 49. Rxg5+ Kf8 50. Kf2 Ra2+ 51. Kf1 a5 52. Rh5 Ke8 53. Rh8+ Kd7 54. Rh7 Kd6 55. Rxf7 axb4 56. Rb7 Kc6 57. Re7 b3 58. Rxe6+ Kb5 59. Re5+ Kc4 60. Re4+ Kc3 61. Re3+ Kc2 62. f7 Ra8 1/2-1/2

[Event "Kadrioru MK Open B"]
[Site "Tallinn, Paul Keres Chess House, Estonia"]
[Date "2023.02.11"]
[Round "3.3"]
[White "Leht, Karl Samuel"]
[Black "Toomast, Nora"]
[Result "1-0"]
[TimeControl "60 minutes with 30 second increment from move 1"]
[WhiteElo "1150"]
[BlackElo "1023"]

1. e4 c5 2. Nf3 d6 3. d4 cxd4 4. Nxd4 Nf6 5. Nc3 g6 6. Be3 Bg7 7. Bc4 e6 8. Ndb5 Bf8 9. Bg5 e5 10. Bxf6 Qxf6 11. Nc7+ Kd7 12. Nxa8 b6 13. Bb5+ Nc6 14. Bxc6+ Kxc6 15. Qd5+ Kd7 16. Qb5+ Kd8 17. Nxb6 Qe7 18. Nxc8 Kxc8 19. Qc6+ Qc7 20. Qxc7+ Kxc7 21. Nd5+ Kd8 22. O-O-O Bh6+ 23. Kb1 Ke8 24. Nc7+ Kf8 25. Rxd6 Kg7 26. Nd5 Rf8 27. Rd7 a5 28. b3 Kh8 29. Ra7 Bd2 30. Rd1 Bb4 31. Nxb4 axb4 32. Rb7 Kg8 33. Rdd7 h5 34. Rxb4 Re8 35. Rbb7 Rf8 36. a4 Kg7 37. a5 Kg8 38. a6 Kg7 39. a7 Kf6 40. Rb8 Rxb8 41. axb8=Q Kg5 42. Qxe5+ f5 43. exf5 gxf5 44. Rg7+ Kh4 45. Qf6# 1-0

[Event "Kadrioru MK Open B"]
[Site "Tallinn, Paul Keres Chess House, Estonia"]
[Date "2023.02.12"]
[Round "4.1"]
[White "Gorkov, Kirill"]
[Black "Leht, Karl Samuel"]
[Result "1-0"]
[TimeControl "60 minutes with 30 second increment from move 1"]
[WhiteElo "1490"]
[BlackElo "1150"]

1. e4 e5 2. Nf3 Nc6 3. Bb5 Nf6 4. O-O Nxe4 5. d4 Nd6 6. Bxc6 dxc6 7. Nxe5 Be7 8. c3 O-O 9. Bf4 Bg5 10. Bg3 f5 11. f4 Bh4 12. Rf3 Ne4 13. Bxh4 Qxh4 14. Qb3+ Kh8 15. Ng6+ hxg6 16. Rh3 Qxh3 17. gxh3 Rb8 18. Na3 b6 19. Re1 Ba6 20. Nc4 c5 21. Ne5 Rfe8 22. Nxg6+ Kh7 23. Ne5 Bf1 24. Rxf1 Nd2 25. Qf7 Nxf1 26. Qxf5+ Kg8 27. Kxf1 Rf8 28. Qe6+ Kh7 29. Qg6+ Kg8 30. Qe4 Rxf4+ 31. Qxf4 Rf8 32. Qxf8+ Kxf8 33. dxc5 bxc5 34. Nd7+ Ke7 35. Nxc5 Kd6 36. Nd3 Kd5 37. Ke2 Ke4 38. Nc5+ Kf5 39. Ke3 g6 40. Na6 1-0

[Event "Kadrioru MK Open B"]
[Site "Tallinn, Paul Keres Chess House, Estonia"]
[Date "2023.02.12"]
[Round "4.2"]
[White "Magi, Ramon"]
[Black "Beniosev, Daniel"]
[Result "0-1"]
[TimeControl "60 minutes with 30 second increment from move 1"]
[WhiteElo "1265"]
[BlackElo "1464"]

1. d4 Nf6 2. c4 c5 3. d5 e6 4. Nc3 exd5 5. Nxd5 Nxd5 6. Qxd5 d6 7. Nf3 Nc6 8. e3 Be6 9. Qd2 Qf6 10. Rb1 Bf5 11. Bd3 Nb4 12. e4 Nxd3+ 13. Qxd3 Bg6 14. Be3 Qe7 15. Nd2 Qe6 16. Qd5 Qxd5 17. cxd5 b5 18. b3 Be7 19. O-O O-O 20. f3 f5 21. Rbc1 f4 22. Bf2 Bf6 23. Rc2 Rfe8 24. Rb1 Re5 25. Rbc1 Re7 26. h3 Bf7 27. a3 g5 28. Kf1 h5 29. Ke2 Bxd5 30. b4 c4 31. Nb1 Bc6 32. Nc3 d5 33. Bc5 Re6 34. Rd1 Rd8 35. Kf2 d4 36. Nd5 Bxd5 37. exd5 Rxd5 38. Bxa7 d3 39. Rcd2 c3 40. Ra2 c2 41. Rc1 d2 42. Raxc2 dxc1=Q 43. Rxc1 Ra6 44. Bc5 Rxa3 45. Re1 Kf7 46. Re4 Ra2+ 47. Kg1 Rdd2 48. Kh1 Rxg2 49. Bg1 Rg3 50. Re1 Rxh3+ 51. Bh2 Rhxh2+ 52. Kg1 Bd4+ 0-1

[Event "Kadrioru MK Open B"]
[Site "Tallinn, Paul Keres Chess House, Estonia"]
[Date "2023.02.12"]
[Round "5.1"]
[White "Vorobyov, Radmir"]
[Black "Gorkov, Kirill"]
[Result "0-1"]
[TimeControl "60 minutes with 30 second increment from move 1"]
[WhiteElo "1573"]
[BlackElo "1490"]

1. d4 f5 2. Nf3 Nf6 3. c4 g6 4. b3 Bg7 5. Bb2 O-O 6. g3 d6 7. Bg2 c6 8. O-O Ne4 9. Nc3 Nxc3 10. Bxc3 d5 11. cxd5 cxd5 12. Ne5 e6 13. f4 Nd7 14. Rc1 Nxe5 15. dxe5 Bd7 16. Qd2 Bc6 17. b4 Rc8 18. Bd4 a6 19. Qe3 Re8 20. Qb3 Qd7 21. h3 Bb5 22. Qb2 Rxc1 23. Rxc1 Rc8 24. e3 Bf8 25. Rxc8 Qxc8 26. Qc3 Qxc3 27. Bxc3 Kf7 28. Bf1 Bxf1 29. Kxf1 Ke8 30. Ke2 Kd7 31. Kd3 Kc6 32. a4 b6 33. g4 b5 34. a5 fxg4 35. hxg4 h5 36. gxh5 gxh5 37. Ke2 Be7 38. Be1 Kd7 39. Kf3 Ke8 40. f5 exf5 41. Kf4 h4 42. e6 h3 43. Kf3 Bd6 44. Bc3 Ke7 45. Bd2 Kxe6 46. Bc3 Be5 47. Bd2 h2 48. Kg2 Kf6 49. Be1 Kg5 50. Bd2 Kg4 51. Be1 f4 52. exf4 Bxf4 53. Bc3 Kf5 54. Bd4 Ke4 55. Bc3 d4 56. Be1 d3 57. Bc3 d2 58. Bxd2 Bxd2 59. Kxh2 Bxb4 60. Kg1 Bxa5 61. Kg2 b4 62. Kh1 b3 63. Kh2 b2 64. Kg2 b1=Q 65. Kh2 Kf3 66. Kh3 Qh1 0-1

[Event "Kadrioru MK Open B"]
[Site "Tallinn, Paul Keres Chess House, Estonia"]
[Date "2023.02.12"]
[Round "5.2"]
[White "Beniosev, Daniel"]
[Black "Leht, Karl Samuel"]
[Result "1/2-1/2"]
[TimeControl "60 minutes with 30 second increment from move 1"]
[WhiteElo "1464"]
[BlackElo "1150"]

1. e4 e5 2. Nc3 Nc6 3. Bc4 Nf6 4. d3 h6 5. f4 exf4 6. Bxf4 Bc5 7. Nf3 d6 8. Qd2 Bg4 9. O-O-O a6 10. h3 Bxf3 11. gxf3 Qd7 12. Be3 Bd4 13. Bxd4 Nxd4 14. Qe3 Nc6 15. Nd5 O-O-O 16. Nxf6 gxf6 17. Qf4 Qe7 18. Rhg1 Ne5 19. Bb3 Ng6 20. Qg4+ Qd7 21. Qxd7+ Rxd7 22. Bxf7 Rxf7 23. Rxg6 Rff8 24. Rdg1 f5 25. Kd2 fxe4 26. fxe4 Rf2+ 27. Kc3 Rh2 28. R1g3 h5 29. b4 h4 30. Rf3 b6 31. a3 Rh7 32. Kb3 Kb7 33. c4 Rh5 34. a4 Rh1 35. Rg2 Kc6 36. b5+ axb5 37. cxb5+ Kb7 38. d4 Rb1+ 39. Rb2 Re1 40. Rc2 Rh7 41. Rf4 Rb1+ 42. Rb2 Rh1 43. Rf3 Re1 1/2-1/2